 Dungeon Crawl Stone Soup version 0.15-a0-35-ga771cbd (webtiles) character file.

89 MackTheKnife the Twirler (level 3, -2/29 HPs)
             Began as a Centaur Gladiator on Apr 2, 2014.
             Was an Initiate of Trog.
             Slain by a gnoll
             ... wielding a +0,+0 halberd
              (14 damage)
             ... on Level 3 of the Dungeon.
             The game lasted 00:01:41 (1172 turns).

MackTheKnife the Twirler (Centaur Gladiator)        Turns: 1172, Time: 00:01:41

HP  -2/29        AC  5     Str 17      XL: 3   Next: 71%
MP   3/3         EV  9     Int 11      God: Trog [......]
Gold 33          SH  0     Dex 10      Spells:  0 memorised,  2 levels left

rFire  . . .     SeeInvis .     a - +0 quarterstaff
rCold  . . .     Clarity  .     b - +0 leather armour
rNeg   . . .     Conserve .     (no shield)
rPois  .         rCorr    .     c - +0 helmet
rElec  .         rRot     .     (no cloak)
SustAb . .       Spirit   .     (no gloves)
rMut   .         Warding  .     (no barding)
Saprov . . .     Stasis   .     (no amulet)
MR     .....                    (no ring)
                                e - +4 ring of intelligence

@: very quick, not resistant to hostile enchantments, extremely unstealthy
A: hooves 3, deformed body, herbivore 1, speed 2, fast metabolism 1, tough skin
3
a: Burn Spellbooks, Renounce Religion


You were on level 3 of the Dungeon.
You worshipped Trog.
Trog was noncommittal.
You were not hungry.

You visited 1 branch of the dungeon, and saw 3 of its levels.

You collected 33 gold pieces.


Innate Abilities, Weirdness & Mutations

You have hooves in place of feet.
Armour fits poorly on your strangely shaped body.
You digest meat inefficiently.
You cover ground very quickly.
You have a fast metabolism.
You have extremely tough skin (AC +3).


   Skills:
 - Level 2.0 Fighting
 + Level 4.2 Staves
 - Level 2.6 Throwing
 - Level 2.1 Dodging


You had 2 spell levels left.
You didn't know any spells.

Inventory:

Hand weapons
 a - a +0,+0 quarterstaff (weapon)
Missiles
 d - 3 throwing nets (quivered)
Armour
 b - a +0 leather armour (worn)
 c - a +0 helmet (worn)
Comestibles
 f - 2 bread rations
 k - an apple
 n - a rotting chunk of quokka flesh {@*1}
Scrolls
 g - a scroll of enchant weapon I {unknown}
 l - a scroll of blinking {unknown}
 o - a scroll of magic mapping {unknown}
 p - a scroll of identify {unknown}
 r - a scroll of enchant armour {unknown}
 s - a scroll of immolation {unknown}
Jewellery
 e - a +4 ring of intelligence (left hand)
Potions
 h - a potion of lignification {unknown}
 i - 3 potions of curing {unknown}
 j - 2 potions of restore abilities {unknown}
 m - 2 potions of mutation {unknown}
 q - 2 potions of invisibility {unknown}

()▒
····
▒·£▒
····
▒▒··▒▒
····▒
▒·g·▒
▒·g·▒
▒·c·▒
▒···▒
▒··<▒
▒···▒
▒▒··▒
····
▒▒··▒▒
▒··▒
▒···


You could see 2 gnolls.


Message History

There is a stone staircase leading up here!
You barely miss the rat! The rat closely misses you!
A gnoll comes into view! It is wielding a halberd!
You crush the rat like a grape!
You annihilate the rat!!!
Trog roars: ANNIHILATED!
A gnoll comes into view! It is wielding a spear!
The gnoll shouts!!!
You hammer the gnoll like a gong! You kick the gnoll!
The gnoll is moderately wounded!
The gnoll barely misses you!
You closely miss the gnoll!
The gnoll is moderately wounded!
The gnoll hits you with a club! The gnoll barely misses you!
You closely miss the gnoll! You kick the gnoll!!!
You annihilate the gnoll!!!
Trog roars: ANNIHILATED!
The gnoll hits you with a halberd! The gnoll barely misses you!
Found a dagger and 22 stones!
Things that are here:
a club; a gnoll corpse You flatten the gnoll like a pancake!
You kick the gnoll, but do no damage!
The gnoll is heavily wounded!
The gnoll hits you with a halberd!!!
* * * LOW HITPOINT WARNING * * *
The gnoll barely misses you!
You pound the gnoll like an anvil! You kick the gnoll!
The gnoll is almost dead!
The gnoll hits you with a halberd!!!
You die!!!

Action                   || total
-------------------------++-------
Melee: Quarterstaff      ||    90

Vault maps used:
D:1:      sevenhm_arrival_forest_fort_small_4
D:2:      glass_columns_a, trog_butcher_becter
D:3:      overflow_temple_1_default, first_bread

Notes
Turn   | Place    | Note
--------------------------------------------------------------
     0 | D:1      | MackTheKnife, the Centaur Gladiator, began the quest for the Orb.
     0 | D:1      | Reached XP level 1. HP: 17/17 MP: 1/1
   122 | D:1      | Reached skill level 3 in Staves
   385 | D:1      | Reached XP level 2. HP: 22/24 MP: 2/2
   753 | D:2      | Found a bloodstained altar of Trog.
   758 | D:2      | Reached XP level 3. HP: 26/29 MP: 3/3
   762 | D:2      | Became a worshipper of Trog the Wrathful
   930 | D:2      | Reached skill level 4 in Staves
  1172 | D:3      | Slain by a gnoll

Vanquished Creatures
  A gnoll (D:3)
  2 worms (D:2)
  A giant gecko (D:2)
  An orc (D:2)
  3 bats (D:1)
  2 giant cockroaches (D:1)
  4 hobgoblins
  3 jackals (D:2)
  7 giant newts
  4 goblins
  2 kobolds (D:1)
  A quokka (D:2)
  5 rats
36 creatures vanquished.
